rsa, neutral male human Tourist ------------- -------- |...........+ |....*<.###############............| ------- ######-......| |...........| |.....| # |......| ###............| |.....|### |......| |...........| ##......-# -.------ ---------|--- ----- # -|-----## # |{..-##### # |...| # # ###### |.... ## ### |...| # ### |...-## ----------- -+- ### ....| # |....(........| -----.---.- ----- # |.............| |.........| #######B@............| `##...>....... |.............| |.........| |.............| |.........| --------------- ----------- rsa the Rambler Experience level: 1 Strength: 11 Dexterity: 11 Constitution: 15 Intelligence: 11 Wisdom: 12 Charisma: 17 Health: 0(14) Energy: 2(2) Def: 0 Gold: 300 Moves: 838 Dungeon seed: kgh8F7xwkAmMOTDI Game ID: rsa_1559497530 Your Inventory: Coins $ - 300 gold pieces Weapons a - 22 uncursed +2 darts (in quiver) s - 11 uncursed +0 darts Armor e - an uncursed +0 Hawaiian shirt (being worn) Comestibles b - an uncursed pear c - 2 uncursed eggs d - an uncursed tin of spinach f - an uncursed tin of female jackal meat g - 6 uncursed tripe rations h - 3 uncursed food rations Scrolls y - an uncursed scroll of magic mapping Potions r - an uncursed potion of water w - a blessed potion of see invisible Rings x - an uncursed ring of see invisible Tools k - an uncursed credit card l - an uncursed expensive camera (0:52) m - an uncursed leash n - an uncursed magic marker (0:0) o - an uncursed tin opener p - an uncursed towel (weapon in hand) Spells and supernatural/magical abilities: Name Level Category Cost Memory W - pray for help -- divine ? -- Your skills at the end: Fighting Skills wands [Basic] Weapon Skills dart [Basic] Spellcasting Skills Final Attributes: You were piously aligned. The Lady was noncommittal. You are dead. Vanquished creatures: a yellow light a giant ant a monkey a gecko 3 jackals 2 kobolds a grid bug a lichen a newt 12 creatures vanquished. Voluntary challenges: You followed a strict vegan diet. You were an atheist. You never hit with a wielded weapon. You read items or engraved 8 times, starting on turn 11. You never genocided any monsters. You never polymorphed an object. You never changed form. You used no wishes. You never split a pudding. You never wrote Elbereth's name. You never violated your personal moral code. Dungeon overview: The Dungeons of Doom: levels 1 to 7 Level 1 a fountain a long staircase Level 2 an armor shop, a fountain a long staircase Level 3 Level 4 a fountain Level 5 Level 6 <- You were here a fountain Level 7 History has recorded: On T:1 you entered the Dungeons of Doom to retrieve the Amulet of Yendor! On T:250 you reached level 2 of The Dungeons of Doom. On T:277 you reached level 3 of The Dungeons of Doom. On T:446 you reached level 4 of The Dungeons of Doom. On T:496 you reached level 5 of The Dungeons of Doom. On T:513 you reached level 6 of The Dungeons of Doom. On T:576 you reached level 7 of The Dungeons of Doom. Score breakdown: Gold: 0 ( 0 points) Experience: 1 level ( 0 points) Exploration: 7 levels ( 14.00%) (10497 points) Discoveries: 3 items ( 0.99%) ( 2985 points) Valuables value: (no points given unless you survive) Artifact value: 0 ( 0 points) Variety of kills: 9 monsters ( 2.37%) ( 4616 points) Turncount: 838 turns ( 0 points) Survival: died (score multiplied by 80%) Total score: 14478 Latest messages: You can see again. You see here a white gem. The door resists! (2x) The door opens. You see here a dark green potion. z - a dark green potion. You feel smart! It must be a potion of gain ability. You hear the chime of a cash register. This level must be housing a shop. You see here 103 gold pieces. $ - 103 gold pieces. The door resists! (3x) The door opens. The giant bat bites! (5x) The door opens. The giant bat bites! The dart hits the giant bat. The giant bat bites! (2x) You die... Final status: Aloha rsa the Tourist, killed by a giant bat... You died in The Dungeons of Doom on dungeon level 6 with 14478 points, and 300 pieces of gold, after 838 moves. You were level 1 with a maximum of 14 hit points when you died.